[Event "Early-Titled-Tuesday-Blitz-March-26-2024"]
[Site "Chess.com"]
[Date "2024.03.26"]
[Round "9"]
[White "RebelJohnny"]
[Black "Mikhail_Bryakin"]
[Result "0-1"]
[WhiteElo "2582"]
[BlackElo "2858"]
[TimeControl "180+1"]
[EndTime "9:42:52 PDT"]
[Termination "Mikhail_Bryakin won on time"]

1. e4 d5 2. exd5 Nf6 3. d4 Bg4 4. Bb5+ Nbd7 5. Be2 Bxe2 6. Qxe2 Nb6 7. c4 e6 8. dxe6 Qxd4 9. Nf3 Bb4+ 10. Nbd2 Qxc4 11. exf7+ Kf8 12. Qxc4 Nxc4 13. O-O Nxd2 14. Bxd2 Bxd2 15. Nxd2 Kxf7 16. Rad1 Rhe8 17. Rfe1 Rxe1+ 18. Rxe1 Rd8 19. Nf3 Rd5 20. Kf1 c5 21. Ke2 Ke7 22. h3 b5 23.
g4 Kd6 24. Nh4 Re5+ 25. Kd1 Rxe1+ 26. Kxe1 Ke5 27. Ke2 g6 28. Nf3+ Kf4 29. Ne1 c4 30.
Ng2+ Ke4 31. f3+ Ke5 32. Kd2 Nd5 33. Ne3 Nf4 34. h4 h5 35. Kc3 a6 36. a4 Ne2+ 37. Kb4 Nd4 38. axb5 axb5 39. gxh5 gxh5 40. Nd1 Nxf3 41.
Kxb5 Kd4 42. Nc3 Kd3 43. Nd5 Ne5 44. Nf4+ Kc2 45. Kb4 Kxb2 46. Nxh5 c3 0-1

[Event "Early-Titled-Tuesday-Blitz-March-26-2024"]
[Site "Chess.com"]
[Date "2024.03.26"]
[Round "9"]
[White "Tugrik1969"]
[Black "Matibar"]
[Result "0-1"]
[WhiteElo "2503"]
[BlackElo "2717"]
[TimeControl "180+1"]
[EndTime "9:42:53 PDT"]
[Termination "Matibar won on time"]

1. d4 Nf6 2. c4 Nc6 3. Nf3 e6 4. g3 d5 5. Bg2 Bb4+ 6. Bd2 Be7 7.
Qc1 O-O 8. O-O Ne4 9. Bf4 g5 10.
Be3 f5 11. Nc3 g4 12. Nd2 Bf6 13. Ndxe4 dxe4 14. d5 Ne5 15. b3 Ng6 16. Rd1 e5 17. Bc5 Rf7 18. d6 c6 19. e3 Be6 20. a4 h6 21. a5 h5 22. Rd2 h4 23. Qd1 Nf8 24. Bb4 Nd7 25. c5 a6 26. Na4 Rh7 27. Nb6 Nxb6 28.
axb6 Bd7 29. Bc3 Qf8 30. Raa2 Qh6 31. Qa1 Re8 32. Kf1 hxg3 33. hxg3 Qh2 34. b4 Be6 35. Rab2 Bc4+ 36. Re2 Qh1+ 37. Bxh1 Rxh1+ 38. Kg2 Rxa1 39. Re1 Rxe1 40. Bxe1 Kf7 41. Bc3 Ke6 42. Rb1 Rh8 43.
Rh1 Rxh1 44. Kxh1 Kd5 45. Kg2 Bd3 46. Bb2 a5 47. bxa5 Kxc5 48. d7 Kd5 0-1

[Event "Early-Titled-Tuesday-Blitz-March-26-2024"]
[Site "Chess.com"]
[Date "2024.03.26"]
[Round "9"]
[White "PavelShkapenko"]
[Black "Likvidator228"]
[Result "1-0"]
[WhiteElo "2758"]
[BlackElo "2578"]
[TimeControl "180+1"]
[EndTime "9:42:55 PDT"]
[Termination "PavelShkapenko won by resignation"]

1. e4 c5 2. Nc3 g6 3. g3 Bg7 4. Bg2 Nc6 5. d3 e6 6. Be3 b6 7.
Nge2 Nge7 8. d4 cxd4 9. Nxd4 O-O 10. Ndb5 Ba6 11. Nd6 Nc8 12. f4 Nxd6 13. Qxd6 Qe7 14. O-O-O Rfd8 15. e5 Bf8 16. Ne4 Rac8 17. Nf6+ Kg7 18.
Qxe7 Bxe7 19. Rxd7 Rxd7 20. Nxd7 Nb4 21. c3 Nd3+ 22.
Kb1 Rd8 23. Nf6 Bxf6 24. exf6+ Kxf6 25. Rd1 Kf5 26. Kc2 h5 27. Bf3 Rd7 28. Be2 Ke4 29. Bg1 Bb5 30. Bf1 Bc4 31. b3 Nb4+ 32. cxb4 Rxd1 33. Bg2+ Kf5 34. Kxd1 Bd3 35. Kd2 Bb1 36.
a3 Be4 37. Bxe4+ Kxe4 38. a4 Kf3 39. a5 b5 40. Bxa7 1-0

[Event "Early-Titled-Tuesday-Blitz-March-26-2024"]
[Site "Chess.com"]
[Date "2024.03.26"]
[Round "9"]
[White "ljuks68"]
[Black "Yuruultei"]
[Result "0-1"]
[WhiteElo "2422"]
[BlackElo "2282"]
[TimeControl "180+1"]
[EndTime "9:42:55 PDT"]
[Termination "Yuruultei won on time"]

1. e4 c5 2. Nf3 e6 3. d4 cxd4 4. Nxd4 Nc6 5. Nc3 a6 6. Nxc6 bxc6 7. Bd3 d5 8. e5 Ne7 9. Qg4 Ng6 10. Qg3 Be7 11.
O-O O-O 12. Re1 c5 13. b3 Qa5 14. Bd2 Qc7 15. Bg5 Bb7 16. h4 c4 17. bxc4 dxc4 18.
Be4 Bxe4 19. Nxe4 Bxg5 20. Nxg5 h6 21. Nxe6 fxe6 22. Qxg6 Qb6 23. Qg3 Rf7 24. Rab1 Qc5 25. Qe3 Qe7 26. Rb6 Raf8 27. f3 Qxh4 28. Rf1 Qg3 29.
Rxe6 Rf5 30. Qf2 Qg5 31. Qe2 h5 32. Rd6 h4 33. Rd4 Rxe5 34. Qxc4+ Rf7 35. Rg4 Qe3+ 36. Kh2 h3 0-1

[Event "Early-Titled-Tuesday-Blitz-March-26-2024"]
[Site "Chess.com"]
[Date "2024.03.26"]
[Round "9"]
[White "KNVB"]
[Black "sorch29"]
[Result "1-0"]
[WhiteElo "2760"]
[BlackElo "2475"]
[TimeControl "180+1"]
[EndTime "9:42:56 PDT"]
[Termination "KNVB won on time"]

1. d4 d5 2. Bf4 Nf6 3. e3 c5 4. c3 Nc6 5. Nd2 e6 6. Ngf3 Bd6 7. Bg3 O-O 8. Bd3 b6 9. e4 dxe4 10. Nxe4 Nxe4 11. Bxe4 Bb7 12. dxc5 Bxc5 13. Qa4 Qc8 14. Bxh7+ Kxh7 15. Qh4+ Kg8 16. Ng5 Re8 17. Qh7+ Kf8 18. Qh8+ Ke7 19. Qxg7 Rf8 20. Nh7 e5 21. O-O-O Qe6 22.
Bh4+ Ke8 23. Nf6+ Ke7 24. Nd5+ Kd6 25. Nf4+ Nd4 26. Nxe6 fxe6 27. Be7+ 1-0

[Event "Early-Titled-Tuesday-Blitz-March-26-2024"]
[Site "Chess.com"]
[Date "2024.03.26"]
[Round "9"]
[White "stollenmonster"]
[Black "Kazmin_Semyon"]
[Result "1-0"]
[WhiteElo "2897"]
[BlackElo "2605"]
[TimeControl "180+1"]
[EndTime "9:42:57 PDT"]
[Termination "stollenmonster won by resignation"]

1. e4 e6 2. Nc3 d5 3. g3 dxe4 4. Nxe4 Nf6 5. Bg2 Nbd7 6. d4 c5 7. Ne2 Nxe4 8. Bxe4 Nf6 9. Bg2 cxd4 10. Qxd4 Qxd4 11.
Nxd4 a6 12. O-O Bc5 13. Nb3 Bd6 14. c4 e5 15. Rd1 Bc7 16. Be3 O-O 17. Bc5 Re8 18.
Bd6 Bxd6 19. Rxd6 Rb8 20. c5 Be6 21. Na5 e4 22. b4 Red8 23. Rxd8+ Rxd8 24. Nxb7 Rd2 25.
a3 Bd5 26. Nd6 e3 27. f3 e2 28. Re1 Bb3 29. Ne4 Ra2 30. Nxf6+ gxf6 31. f4 Bc4 32. Bf3 Rxa3 33. Bxe2 Bd5 34. Rd1 Be4 35. Rd4 f5 36.
Bc4 Ra1+ 37. Kf2 Rh1 38. Bxa6 Rxh2+ 39. Ke3 Kf8 40. Bd3 Bc6 41. b5 Be8 42. c6 1-0

[Event "Early-Titled-Tuesday-Blitz-March-26-2024"]
[Site "Chess.com"]
[Date "2024.03.26"]
[Round "9"]
[White "Chess_Gainz"]
[Black "atalz0"]
[Result "1/2-1/2"]
[WhiteElo "2538"]
[BlackElo "2382"]
[TimeControl "180+1"]
[EndTime "9:42:59 PDT"]
[Termination "Game drawn by repetition"]

1. e4 d5 2. exd5 Nf6 3. d4 Nxd5 4. Nf3 Bg4 5. c4 Nb6 6. c5 N6d7 7. Be2 Nc6 8. h3 Bxf3 9. Bxf3 e5 10. Bxc6 bxc6 11. O-O exd4 12. Qxd4 Nxc5 13. Re1+ Ne6 14. Qa4 Qd7 15. Nc3 Bd6 16. Be3 c5 17. Qg4 O-O 18.
Nd5 f5 19. Qc4 Kh8 20. Rad1 Qf7 21. Bd2 Nd4 22. Bc3 Rae8 23. Bxd4 cxd4 24. Qxd4 h6 25.
b3 Rxe1+ 26. Rxe1 Re8 27. Rd1 Re4 28. Qxa7 Kh7 29. Qb7 Qe6 30. Rf1 Re1 31. Ne3 Rxe3 32. fxe3 Qxe3+ 33. Kh1 Qg3 34. Kg1 Qe3+ 35. Rf2 Qe1+ 36.
Rf1 Qe3+ 1/2-1/2

[Event "Early-Titled-Tuesday-Blitz-March-26-2024"]
[Site "Chess.com"]
[Date "2024.03.26"]
[Round "9"]
[White "Payyappat"]
[Black "Zampronha1971"]
[Result "0-1"]
[WhiteElo "2512"]
[BlackElo "2371"]
[TimeControl "180+1"]
[EndTime "9:42:59 PDT"]
[Termination "Zampronha1971 won on time"]

1. e4 c5 2. Nf3 e6 3. d4 cxd4 4. Nxd4 Nc6 5. Nc3 Qc7 6. Be3 a6 7. Be2 Nf6 8. O-O Bb4 9. Na4 Be7 10. Nxc6 bxc6 11. Bb6 Qe5 12. Bd4 Qc7 13. Nb6 Rb8 14.
Nxc8 Qxc8 15. e5 Nd5 16. c4 Nb6 17. b3 c5 18. Bc3 O-O 19. f4 Qc7 20. Bd3 d5 21. Rf3 g6 22. Rh3 dxc4 23. bxc4 Rbd8 24. Qc2 Qc6 25. Be4 Qa4 26. Qf2 Qxc4 27. Re1 Nd5 28. Ba1 f5 29. exf6 Bxf6 30. Bd3 Qb4 31. Rb1 Qa4 32.
Bxf6 Rxf6 0-1

[Event "Early-Titled-Tuesday-Blitz-March-26-2024"]
[Site "Chess.com"]
[Date "2024.03.26"]
[Round "9"]
[White "1mbl4"]
[Black "CSB7"]
[Result "1-0"]
[WhiteElo "2599"]
[BlackElo "2766"]
[TimeControl "180+1"]
[EndTime "9:43:00 PDT"]
[Termination "1mbl4 won by resignation"]

1. e4 e6 2. d4 d5 3. e5 c5 4. c3 Nc6 5. Nf3 Qb6 6. a3 Nh6 7. b4 cxd4 8. cxd4 Bd7 9. Nc3 Rc8 10.
Na4 Qd8 11. Bd3 Nf5 12. Bb2 h5 13. Nc5 b6 14. Nxd7 Qxd7 15. Bb5 g6 16. O-O Bh6 17. Bc1 Bxc1 18. Rxc1 O-O 19. Qa4 Nfe7 20. Rc3 Rc7 21. Rfc1 Rfc8 22. Ba6 b5 23. Bxc8 Qxc8 24. Qxb5 Kg7 25.
Qd3 a6 26. a4 Qb8 27. b5 axb5 28. Qxb5 Rb7 29. Qc5 Nb4 30. Rb3 Na2 31. Rxb7 Qxb7 32.
Re1 Nc6 33. a5 Nab4 34. Qb6 Qa8 35. Ra1 Na6 36. Ng5 Qe8 37. Qxa6 Nb4 38. Qb7 Nc2 39. Rc1 1-0

[Event "Early-Titled-Tuesday-Blitz-March-26-2024"]
[Site "Chess.com"]
[Date "2024.03.26"]
[Round "9"]
[White "NelsonLinda"]
[Black "Lucky_Puncher"]
[Result "0-1"]
[WhiteElo "2639"]
[BlackElo "2493"]
[TimeControl "180+1"]
[EndTime "9:43:00 PDT"]
[Termination "Lucky_Puncher won by checkmate"]

1. b3 Nf6 2. Bb2 g6 3. Bxf6 exf6 4. c4 Bg7 5. Nc3 O-O 6. e3 f5 7. Rc1 b6 8. Be2 Bb7 9. Bf3 Nc6 10. Nge2 Re8 11.
d4 d6 12. O-O Qd7 13. Qd2 Rab8 14. g3 h5 15. Bg2 h4 16. Nd5 hxg3 17. hxg3 Ne7 18. Nef4 Nxd5 19. Nxd5 Bxd5 20. cxd5 Re7 21. Rc6 f4 22. exf4 Rbe8 23. Bf3 Bf6 24. Rfc1 Kg7 25.
Qc3 Rh8 26. Rxc7 Qh3 27. Rxe7 Bxe7 28. Bg2 Qh2+ 29. Kf1 Bf6 30. Qd3 Re8 31. Rc7 Qh5 32. Be4 Qh3+ 33. Kg1 Rh8 34. b4 Qh2+ 35. Kf1 Qh3+ 36.
Bg2 Qh5 37. a4 Re8 38. Rc1 Re7 39. Rc6 Re8 40. Rxd6 Be7 41. Rc6 Bxb4 42. d6 Re1# 0-1

[Event "Early-Titled-Tuesday-Blitz-March-26-2024"]
[Site "Chess.com"]
[Date "2024.03.26"]
[Round "9"]
[White "Viktor_Poddubnyi"]
[Black "kritipatel"]
[Result "0-1"]
[WhiteElo "2309"]
[BlackElo "2214"]
[TimeControl "180+1"]
[EndTime "9:43:02 PDT"]
[Termination "kritipatel won by checkmate"]

1. e4 e5 2. f4 d5 3. exd5 c6 4.
Qe2 Be7 5. fxe5 cxd5 6. d4 Nc6 7. Nf3 Bf5 8. c3 Qd7 9. Qf2 O-O-O 10. Bb5 f6 11. O-O Qc7 12. Bf4 Qb6 13. a4 Nh6 14. Bxh6 gxh6 15. Bxc6 bxc6 16. exf6 Bd6 17. Ne5 Be6 18.
b4 Rdf8 19. Nd2 Rhg8 20. Kh1 Rg5 21. Ndf3 Rxf6 22. Qe3 Rh5 23. Rae1 Qc7 24. h3 Qg7 25. Nh2 Rxf1+ 26. Rxf1 Bxe5 27. dxe5 Rxe5 28. Qc5 Kb7 29. b5 Re2 30. Qxc6+ Kb8 31. Qd6+ Kb7 32. Nf3 Qxg2# 0-1

[Event "Early-Titled-Tuesday-Blitz-March-26-2024"]
[Site "Chess.com"]
[Date "2024.03.26"]
[Round "9"]
[White "teresin05"]
[Black "pfalcon1949"]
[Result "0-1"]
[WhiteElo "2261"]
[BlackElo "2071"]
[TimeControl "180+1"]
[EndTime "9:43:04 PDT"]
[Termination "pfalcon1949 won by checkmate"]

1. e4 e6 2. d4 d5 3. Nc3 Bb4 4. e5 Ne7 5. Qg4 Kf8 6. Bd2 b6 7. Nf3 Ba6 8. O-O-O Bxf1 9. Rhxf1 Qd7 10. Kb1 a5 11. Ng5 a4 12. a3 Bxc3 13. Bxc3 Nbc6 14. Qf3 Nd8 15. g4 h6 16. Nh3 b5 17. g5 hxg5 18. Nxg5 Nf5 19. Bb4+ Ke8 20. Qg4 Nc6 21. Bc5 b4 22. axb4 a3 23. b3 a2+ 24. Ka1 Kd8 25. h4 Kc8 26. h5 Kb7 27. Qe2 Na7 28. Kb2 Qb5 29. Qf3 Nc6 30. Ra1 Nxb4 31. Bxb4 Qxb4 32.
Qc3 Qxd4 33. Qxd4 Nxd4 34. f4 Rxh5 35. Nxf7 Rh2 36. Rfc1 Ne2 37. Re1 Nxf4 38. Re3 d4 39. Re4 d3 40. Rxf4 Rxc2# 0-1

[Event "Early-Titled-Tuesday-Blitz-March-26-2024"]
[Site "Chess.com"]
[Date "2024.03.26"]
[Round "9"]
[White "Kostukov_Alex"]
[Black "DinaBelenkaya"]
[Result "0-1"]
[WhiteElo "2289"]
[BlackElo "2468"]
[TimeControl "180+1"]
[EndTime "9:43:08 PDT"]
[Termination "DinaBelenkaya won on time"]

1. g3 d5 2. Bg2 c6 3. d3 Nf6 4.
e4 dxe4 5. dxe4 Qxd1+ 6. Kxd1 g6 7. f3 Bg7 8. c3 O-O 9. Be3 Rd8+ 10. Nd2 Nbd7 11.
Kc2 b6 12. Nh3 Ba6 13. Nf2 Ne5 14. Bf1 Bxf1 15. Rhxf1 Rd7 16. h3 Rad8 17. Bd4 c5 18. Be3 Nd3 19. Rad1 Nxf2 20. Bxf2 Bh6 21. Nc4 b5 22.
Ne3 Nh5 23. Rxd7 Rxd7 24. f4 e6 25. Ng4 Bf8 26. e5 c4 27. Rd1 Rxd1 28. Kxd1 a6 29. Ke2 Be7 30. Kf3 Kf8 31. Ke4 Ke8 32. a4 Kd7 33. axb5 axb5 34. Nh6 f5+ 35. exf6 Nxf6+ 36. Kf3 Kc6 37. Nf7 Nd7 38. Bd4 Kd5 0-1

[Event "Early-Titled-Tuesday-Blitz-March-26-2024"]
[Site "Chess.com"]
[Date "2024.03.26"]
[Round "9"]
[White "wild3000"]
[Black "kai_nov"]
[Result "1-0"]
[WhiteElo "2448"]
[BlackElo "2330"]
[TimeControl "180+1"]
[EndTime "9:43:08 PDT"]
[Termination "wild3000 won on time"]

1. d4 Nf6 2. Nf3 d5 3. e3 Bg4 4.
Be2 e6 5. O-O Be7 6. b3 O-O 7.
Bb2 Nbd7 8. c4 c5 9. Nc3 Rc8 10.
cxd5 exd5 11. h3 Bh5 12. Rc1 Nb6 13. dxc5 Bxc5 14. Nb5 a6 15. Nbd4 Ne4 16. Ne5 Bxe2 17. Qxe2 f6 18. Nef3 Kh8 19. Rfd1 Qe8 20. Nh4 Qf7 21.
Nhf5 Rfd8 22. Qg4 h5 23. Qxg7+ Qxg7 24. Nxg7 Kxg7 25. Ne6+ Kf7 26. Nxd8+ Rxd8 27. Rd3 Ke6 28. f3 Nd7 29. fxe4 Ne5 30. exd5+ Rxd5 31. Rxd5 Bxe3+ 32.
Kf1 Kxd5 33. Rc7 b6 34. Bxe5 fxe5 35. Ke2 Ke4 36. Rh7 Bd4 37. Rxh5 Kf4 38. Rh6 e4 39. g4 Kg3 40. Rd6 Bc5 41. Rc6 Kxh3 42. Rxc5 bxc5 43. g5 Kg4 44. g6 Kf4 45. g7 1-0

[Event "Early-Titled-Tuesday-Blitz-March-26-2024"]
[Site "Chess.com"]
[Date "2024.03.26"]
[Round "9"]
[White "nabukatnezarr"]
[Black "ajeale2"]
[Result "1-0"]
[WhiteElo "2598"]
[BlackElo "2443"]
[TimeControl "180+1"]
[EndTime "9:43:09 PDT"]
[Termination "nabukatnezarr won by resignation"]

1. Nf3 d5 2. g3 Nf6 3. Bg2 e6 4. O-O c5 5. d3 Nc6 6. Nbd2 Be7 7. e4 O-O 8. e5 Nd7 9. Re1 Qc7 10. Qe2 b6 11. Nf1 Ba6 12. Bf4 c4 13. d4 b5 14. c3 b4 15. h4 Rfb8 16. Ne3 Rb7 17. Nxd5 exd5 18. e6 Qd8 19. exd7 Rxd7 20. Ng5 Bf6 21. Qc2 g6 22. Re3 Bb7 23. Rae1 Qf8 24. h5 Rad8 25. Nf3 Re7 26. Rxe7 Bxe7 27. Qd2 a5 28. Bh6 Qe8 29. Ne5 Nxe5 30. Rxe5 Qd7 31. Qe3 Bf6 32. Bg5 Bxe5 33. Bxd8 Bxd4 34. Qxd4 Qxd8 35.
h6 f6 36. Qa7 Qc7 37. Bxd5+ Kf8 38. Qxb7 Qxb7 39. Bxb7 a4 40. a3 1-0

[Event "Early-Titled-Tuesday-Blitz-March-26-2024"]
[Site "Chess.com"]
[Date "2024.03.26"]
[Round "9"]
[White "GeorgiosSouleidis"]
[Black "FlemingA"]
[Result "0-1"]
[WhiteElo "2585"]
[BlackElo "2454"]
[TimeControl "180+1"]
[EndTime "9:43:09 PDT"]
[Termination "FlemingA won on time"]

1. e4 g6 2. d4 Bg7 3. Nc3 a6 4. Nf3 b5 5. Be2 Bb7 6. O-O b4 7. Nd5 d6 8. Re1 a5 9. Bf1 Nf6 10. Nxf6+ Bxf6 11. Bh6 e5 12. dxe5 dxe5 13. Qe2 Ba6 14.
Qe3 Qe7 15. Rad1 Nd7 16. Rd2 Qc5 17. Qb3 Bxf1 18. Rxf1 a4 19. Qd3 Nb6 20. Rfd1 Be7 21. Be3 Qc4 22. Bxb6 Qxd3 23. Rxd3 cxb6 24. Nxe5 Bf6 25.
Nc6 Rc8 26. Rd6 Be7 27. Nxe7 Kxe7 28. R1d2 Rc4 29. f3 Rhc8 30. Rxb6 a3 31. bxa3 bxa3 32. Ra6 Rc3 33. h3 Rb8 34. Ra7+ Kf6 35. f4 Rb2 0-1

[Event "Early-Titled-Tuesday-Blitz-March-26-2024"]
[Site "Chess.com"]
[Date "2024.03.26"]
[Round "9"]
[White "Resignify"]
[Black "Midgardsormur"]
[Result "0-1"]
[WhiteElo "2276"]
[BlackElo "2455"]
[TimeControl "180+1"]
[EndTime "9:43:09 PDT"]
[Termination "Midgardsormur won on time"]

1. e4 c5 2. Nc3 Nc6 3. g3 g6 4. Bg2 Bg7 5. d3 e6 6. Be3 d6 7. f4 Rb8 8. a3 Nge7 9. Nf3 Nd4 10. O-O O-O 11. Rb1 b5 12. Ne2 Nxf3+ 13. Bxf3 a5 14. h4 b4 15. axb4 axb4 16. h5 Bb7 17.
Kg2 Qc7 18. Rh1 Rfd8 19. Qg1 d5 20. Qh2 dxe4 21. dxe4 f5 22. hxg6 hxg6 23. e5 Bxf3+ 24. Kxf3 Kf7 25. Kf2 Nd5 26. c4 Nxe3 27. Kxe3 Qc6 28.
Rbc1 Qe4+ 29. Kf2 Rd2 30. Rhe1 Rh8 31. Qg2 Qd4+ 32. Kf1 Qd3 33. Qb7+ Kg8 34. Qa8+ Kh7 35. Qh1+ Bh6 0-1

[Event "Early-Titled-Tuesday-Blitz-March-26-2024"]
[Site "Chess.com"]
[Date "2024.03.26"]
[Round "9"]
[White "a-z30"]
[Black "karinachess1"]
[Result "0-1"]
[WhiteElo "2448"]
[BlackElo "2611"]
[TimeControl "180+1"]
[EndTime "9:43:10 PDT"]
[Termination "karinachess1 won on time"]

1. d3 d5 2. Nf3 Nf6 3. g3 g6 4.
Bg2 Bg7 5. O-O O-O 6. c4 c6 7. cxd5 cxd5 8. Nc3 Nc6 9. Bf4 d4 10. Nb1 Nd5 11. Qc1 Nxf4 12. Qxf4 e5 13. Qd2 h6 14. Rc1 Be6 15. Na3 Kh7 16. Rc5 f5 17. Nc4 e4 18. Nfe5 Nxe5 19. Nxe5 Qd6 20. Rac1 Bxe5 21. dxe4 Rac8 22. Rxc8 Rxc8 23. Rxc8 Bxc8 24.
exf5 gxf5 25. Qa5 a6 26. Qa4 Bd7 27. Qb3 Be6 28. Qxb7+ Bg7 29. h4 Bxa2 30. Bh3 Be6 31.
Qf3 Qe5 32. Bg2 a5 33. Qd3 a4 34. Bh3 h5 35. Qa6 Bd7 36. Qd3 Kg6 37. Bg2 Bb5 38.
Qd2 Bf6 39. Bf3 d3 40. exd3 Qxb2 0-1

[Event "Early-Titled-Tuesday-Blitz-March-26-2024"]
[Site "Chess.com"]
[Date "2024.03.26"]
[Round "9"]
[White "Nf3c5"]
[Black "BallottiLuca"]
[Result "1-0"]
[WhiteElo "2535"]
[BlackElo "2362"]
[TimeControl "180+1"]
[EndTime "9:43:10 PDT"]
[Termination "Nf3c5 won on time"]

1. d4 d5 2. Nf3 c5 3. e3 Nf6 4. dxc5 e6 5. a3 Bxc5 6. b4 Be7 7.
Bb2 O-O 8. c4 a5 9. b5 Nbd7 10. Nbd2 Nc5 11. Be2 Nfe4 12. cxd5 exd5 13. O-O a4 14. Rc1 b6 15. Nd4 Bd7 16. N2f3 Bd6 17.
Nc6 Qc7 18. Qxd5 Be6 19. Qh5 f6 20. Nfd4 Bf7 21. Qh3 Rfe8 22. Rfd1 Ng5 23. Qh4 Re4 24.
f4 Rae8 25. Bf1 Nge6 26. Nf5 Bf8 27. Qg3 g6 28. Bxf6 Nd7 29. Nce7+ Bxe7 30. Nxe7+ Kf8 31. Rxc7 Nxc7 32. Rxd7 Ne6 33. Qh4 h5 34. Qg3 1-0

[Event "Early-Titled-Tuesday-Blitz-March-26-2024"]
[Site "Chess.com"]
[Date "2024.03.26"]
[Round "9"]
[White "nikitakhoroshev"]
[Black "kriscacco"]
[Result "0-1"]
[WhiteElo "2610"]
[BlackElo "2195"]
[TimeControl "180+1"]
[EndTime "9:43:10 PDT"]
[Termination "kriscacco won by resignation"]

1. e4 g6 2. d4 Bg7 3. Nc3 d6 4. f4 c6 5. Nf3 Nd7 6. e5 Nb6 7. Be3 Nh6 8. h3 f6 9. Be2 dxe5 10. dxe5 Qxd1+ 11. Rxd1 Nf7 12. exf6 exf6 13. Bc5 Bf8 14. Bxf8 Kxf8 15. O-O Kg7 16. a4 a5 17. b3 Re8 18. Rfe1 Bf5 19. Bd3 Bd7 20. Ne4 Rad8 21. Nc5 Bc8 22. Bf1 Rxd1 23. Rxd1 Nd5 24. g3 Ne3 25.
Rd2 h5 26. h4 Nf5 27. Kf2 N7d6 28. Bh3 b6 29. Bxf5 Nxf5 30. Nd7 Bxd7 31. Rxd7+ Re7 32. Rxe7+ Nxe7 33. Nd4 Kf7 34. Kf3 f5 35. c3 Ke8 36. b4 axb4 37. cxb4 Kd7 38. a5 bxa5 39. bxa5 c5 40. Nb3 Kc6 41. a6 Nc8 42.
Ke3 Kb5 43. Nd2 Kxa6 44. Nc4 Kb5 45. Ne5 Ne7 46. Kd3 Kb4 47. Kc2 c4 48. Nf3 Nd5 49.
Ne5 Ne3+ 50. Kc1 Nf1 51. Nxg6 Nxg3 52. Ne7 Kc3 53. Nd5+ Kd3 54. Nf6 c3 55. Nd7 Ne2+ 0-1

[Event "Early-Titled-Tuesday-Blitz-March-26-2024"]
[Site "Chess.com"]
[Date "2024.03.26"]
[Round "9"]
[White "Incognizance"]
[Black "CURRUTACO59"]
[Result "0-1"]
[WhiteElo "1918"]
[BlackElo "2280"]
[TimeControl "180+1"]
[EndTime "9:43:10 PDT"]
[Termination "CURRUTACO59 won by checkmate"]

1. d4 Nf6 2. c4 e6 3. Nf3 Bb4+ 4. Nbd2 b6 5. e3 Bb7 6. g3 O-O 7. Bg2 d5 8. cxd5 Bxd5 9. O-O Nbd7 10. a3 Be7 11. b4 c5 12. dxc5 bxc5 13. bxc5 Nxc5 14. Nh4 Bxg2 15. Nxg2 Qd5 16. Qe2 Rfd8 17. Nf3 Rab8 18.
Bb2 Qb3 19. Be5 Rb7 20. Rfb1 Qa4 21. Rxb7 Nxb7 22. Bd4 Nd6 23. Bc5 Rc8 24. Bb4 a5 25. Bxd6 Bxd6 26. Nf4 Ne4 27. Kg2 h6 28. Ra2 Qb3 29. Nd2 Qxa2 30. Nxe4 Qxe2 31. Nxe2 Bxa3 32. Nd4 Bb2 33. Nd6 Ra8 34. N4b5 a4 35. Nc4 a3 36. Nxb2 axb2 37. Nc3 Ra1 38. Kf3 b1=Q 39. Nxb1 Rxb1 40.
h4 Rb5 41. Kg4 h5+ 42. Kh3 g6 43. f3 f5 44. g4 Kf7 45. gxh5 gxh5 46. Kg3 e5 47. e4 Kf6 48. exf5 Kxf5 49. Kg2 e4 50. fxe4+ Kxe4 51. Kg3 Rb3+ 52. Kf2 Kf4 53. Ke2 Kg4 54.
Kd2 Kxh4 55. Kc2 Rg3 56. Kd2 Kg4 57. Ke2 h4 58. Kf2 h3 59. Ke2 h2 60. Kd2 h1=Q 61. Kc2 Qh2+ 62. Kc1 Rg1# 0-1

[Event "Early-Titled-Tuesday-Blitz-March-26-2024"]
[Site "Chess.com"]
[Date "2024.03.26"]
[Round "9"]
[White "ZenBull"]
[Black "xakevicius91"]
[Result "0-1"]
[WhiteElo "2305"]
[BlackElo "2522"]
[TimeControl "180+1"]
[EndTime "9:43:11 PDT"]
[Termination "xakevicius91 won by resignation"]

1. Nf3 Nf6 2. g3 d5 3. Bg2 c6 4.
O-O Bg4 5. h3 Bxf3 6. Bxf3 Nbd7 7.
d4 e6 8. Nd2 Be7 9. c3 O-O 10.
e4 dxe4 11. Nxe4 Nxe4 12. Bxe4 Nf6 13. Bg2 h6 14. Qe2 Nd5 15. Be3 Rc8 16. Rad1 Qa5 17. a3 Rfd8 18. Bd2 Qa4 19. Kh2 c5 20. dxc5 Bxc5 21.
Bc1 Qb3 22. Rd3 Nf6 23. Rfd1 Rxd3 24. Rxd3 Be7 25. Be3 b6 26. Qd2 Qc4 27. Rd4 Qc7 28.
Rd3 Bc5 29. Bxc5 Qxc5 30. Rd8+ Kh7 31. Rxc8 Qxc8 32. Qd3+ g6 33. Qd4 Kg7 34. Bf3 Qc7 35. Kg2 h5 36. h4 e5 37. Qd2 e4 38. Be2 Qe5 39. Kf1 Qc5 40. Kg1 a5 41. b4 axb4 42. axb4 Qe5 43. Kh2 Nd5 44. c4 Ne7 45. Qe3 Nf5 46.
Qxb6 e3 47. Qc5 Qb2 48. Bf3 Qxf2+ 49. Bg2 Qxg3+ 50. Kh1 Qe1+ 51. Kh2 Qxh4+ 52. Kg1 Qf2+ 53. Kh2 Qg3+ 54. Kg1 Nh4 55. Qd4+ Kh7 56. Qe4 Qf2+ 57. Kh2 e2 0-1

[Event "Early-Titled-Tuesday-Blitz-March-26-2024"]
[Site "Chess.com"]
[Date "2024.03.26"]
[Round "9"]
[White "Aural1011"]
[Black "IshviAggarwal"]
[Result "0-1"]
[WhiteElo "1657"]
[BlackElo "2175"]
[TimeControl "180+1"]
[EndTime "9:43:11 PDT"]
[Termination "IshviAggarwal won on time"]

1. d4 Nf6 2. c4 e6 3. Nc3 d5 4.
cxd5 exd5 5. Bg5 c6 6. Nf3 Be7 7. Qc2 Nbd7 8. e3 h6 9. Bh4 Nh5 10. Bxe7 Qxe7 11. Bd3 Nf4 12. O-O Nxd3 13. Qxd3 O-O 14.
Rab1 a5 15. a3 Re8 16. b4 axb4 17. axb4 b5 18. Rfc1 Nb6 19. Ne5 Bd7 20. e4 f6 21.
Nxd7 Qxd7 22. exd5 Nxd5 23. Nxd5 Qxd5 24. Rc5 Qd7 25. Rbc1 Rad8 26. Qb3+ Kh8 27. h3 Qxd4 28. Rxc6 Re2 29. Qf3 Rde8 30. Rc8 Re7 31. Qh5 Qd7 32. Rxe8+ Rxe8 33. Rc5 Ra8 0-1

[Event "Early-Titled-Tuesday-Blitz-March-26-2024"]
[Site "Chess.com"]
[Date "2024.03.26"]
[Round "9"]
[White "ketster"]
[Black "Binary010"]
[Result "0-1"]
[WhiteElo "2580"]
[BlackElo "2787"]
[TimeControl "180+1"]
[EndTime "9:43:13 PDT"]
[Termination "Binary010 won on time"]

1. d4 a6 2. c4 b5 3. cxb5 axb5 4. e4 Bb7 5. Bd3 e6 6. Ne2 b4 7. O-O Nf6 8. f3 c5 9. Be3 cxd4 10. Nxd4 Bc5 11.
Bf2 O-O 12. Nd2 d5 13. e5 Nfd7 14. f4 Nc6 15. Nxc6 Bxf2+ 16. Rxf2 Bxc6 17. Qc2 Ba4 18. Bxh7+ Kh8 19. b3 Rc8 20. Qd3 Rc3 21. Qe2 Kxh7 22. Qh5+ Kg8 23. bxa4 Qb6 24. Nf3 Rfc8 25. Rf1 g6 26.
Qh4 Rc1 27. Kh1 R8c2 28. Ng1 Rxf1 29. Rxf1 Rxa2 30. Nf3 b3 31. Ng5 Nf8 32. f5 b2 33.
fxg6 b1=Q 34. gxf7+ Kg7 35. Qf4 Qf5 36. Qxf5 exf5 0-1

[Event "Early-Titled-Tuesday-Blitz-March-26-2024"]
[Site "Chess.com"]
[Date "2024.03.26"]
[Round "9"]
[White "guillembaches"]
[Black "arnash_bauyrzhan"]
[Result "1-0"]
[WhiteElo "2528"]
[BlackElo "2371"]
[TimeControl "180+1"]
[EndTime "9:43:13 PDT"]
[Termination "guillembaches won on time"]

1. e4 c5 2. Nf3 e6 3. c4 a6 4. Nc3 Nc6 5. Be2 d6 6. O-O Nd4 7. Nxd4 cxd4 8. Nb1 Nf6 9. d3 Be7 10. f4 Qc7 11. Nd2 e5 12. f5 Bd7 13. Nf3 h6 14. b3 Bc6 15. Qe1 g6 16. fxg6 fxg6 17. Nh4 g5 18. Nf5 O-O-O 19. Qg3 Rdf8 20. Bd2 Ne8 21.
b4 Bd8 22. a4 Bd7 23. b5 Bxf5 24. Rxf5 Rxf5 25. Bg4 Ng7 26. Rf1 h5 27. Bxf5+ Nxf5 28. Rxf5 g4 29. Qf2 axb5 30. axb5 h4 31. Rf7 Qc5 32.
Qf5+ Kb8 33. Qd7 Qb6 34. Ba5 Qa7 35. Bxd8 Qa1+ 36. Rf1 Qc3 37. Qxd6+ Ka8 38. Bb6 g3 39. Rf8+ 1-0